 Dungeon Crawl Stone Soup version 0.30-a0-782-ge64f9170bb (webtiles) character file.

Game seed: 7208380233638593340

2172 MackTheKnife the Thaumaturge (level 9, -7/50 (54) HPs)
             Began as an Octopode Wanderer on Feb 20, 2023.
             Was an Elder of Sif Muna.
             Mangled by a wight
             ... wielding a +0 morningstar
              (15 damage)
             ... on level 6 of the Dungeon.
             The game lasted 00:10:59 (5990 turns).

MackTheKnife the Thaumaturge (Octopode Wanderer)    Turns: 5990, Time: 00:10:59

HP:   -7/50 (54)    AC:  5    Str: 13    XL:     9   Next: 32%
MP:   21/21         EV: 12    Int: 22    God:    Sif Muna [****..]
Gold: 402           SH:  0    Dex: 12    Spells: 20/24 levels left

rFire   . . .      SeeInvis +    p - +2 flail (drain) {mace}
rCold   . . .      Faith    +    (no shield)
rNeg    . . .      Spirit   .    (helmet restricted)
rPois   .          Reflect  .    o - amulet of faith {!P}
rElec   .          Harm     .    g - +6 ring of intelligence
rCorr   .          Rampage  .    m - +4 ring of protection
Will    .....                    v - ring of see invisible
Stlth   ++                       (no ring)
HPRegen 0.28/turn                (no ring)
MPRegen 0.17/turn                (no ring)
                                 (no ring)
                                 (no ring)

@: about to teleport, drained
A: almost no armour, amphibious, 8 rings, camouflage 1, gelatinous body 1,
(nimble swimmer 1), tentacles
a: Renounce Religion, Channel Magic, Forget Spell, Divine Exegesis


You were on level 6 of the Dungeon.
You worshipped Sif Muna.
Sif Muna was greatly pleased with you.
You visited 1 branch of the dungeon, and saw 7 of its levels.

You collected 402 gold pieces.


Innate Abilities, Weirdness & Mutations

You cannot wear most types of armour.
You are amphibious.
You can wear up to eight rings at the same time.
Your skin changes colour to match your surroundings (Stealth+).
Your rubbery body absorbs attacks. (AC +1, EV +1)
((You are camouflaged when in or above water. (Stealth+)))
You have tentacles for arms and can constrict up to eight enemies at once.


   Skills:
 - Level 2.0 Fighting
 - Level 3.0 Staves
 + Level 8.4 Spellcasting
 - Level 7.5 Ice Magic
 + Level 4.1 Invocations
 - Level 1.1 Evocations


You had 20 spell levels left.
You knew the following spells:

 Your Spells              Type           Power      Damage    Failure   Level
a - Freeze                Ice            100%       1d10      1%          1
b - Frozen Ramparts       Ice            84%        1d13      1%          3

Your spell library contained the following spells:

 Spells                   Type           Power      Damage    Failure   Level
 Metabolic Englaciation   Hex/Ice        12%        N/A       38%         5
 Petrify                  Tmut/Erth      9%         N/A       56%         4
 Statue Form              Tmut/Erth      6%         N/A       100%        6

Inventory:

Hand Weapons
 p - a +2 flail of draining (weapon) {mace}
   (You found it on level 3 of the Dungeon)
 q - a +3 flail {mace}
   (You took it off a wight on level 6 of the Dungeon)
Jewellery
 g - a +6 ring of intelligence (left tentacle)
   (You found it on level 1 of the Dungeon)
 m - a +4 ring of protection (right tentacle)
   (You found it on level 2 of the Dungeon)
 o - an amulet of faith (around mantle) {!P}
   (You found it on level 3 of the Dungeon)
 v - a ring of see invisible (on tentacle)
   (You found it on level 5 of the Dungeon)
Wands
 y - a wand of flame (11)
   (You found it on level 6 of the Dungeon)
Scrolls
 h - a scroll of butterflies
 j - 4 scrolls of teleportation {@r4}
 n - 2 scrolls of fog
 s - a scroll of enchant armour
 w - a scroll of magic mapping {!r}
 x - a scroll of fear
 A - 2 scrolls of poison {!r}
 B - a scroll of enchant weapon
Potions
 a - 2 potions of cancellation
 b - a potion of curing {@q1}
 d - a potion of heal wounds {@q2}
 e - a potion of lignification {!q}
 f - a potion of resistance
 i - 2 potions of magic
 k - a potion of haste {@q3}
 l - a potion of mutation {!q}
 r - a potion of invisibility
 t - a potion of degeneration {unknown}
 u - a potion of attraction {!q}
 z - a potion of might {unknown}

Dungeon Overview and Level Annotations

Branches:
Dungeon (7/15) Zot: 26528
 Temple: D:4-7

Altars:
Sif Muna
The Shining One

Shops:
D:2 (   D:6 [

Annotations:
D:4 3 runed translucent doors, Blork the orc; funkygono's ghost, novice GrFE; qborf's ghost, amateur AtMo; sanka's ghost, amateur DgAE
D:7 Joseph; Maggie

##...## ### #.....#######
#.. #...........# #.#
#..[..#####.#### #.#
##...## #.#..# #.#
##.#######.#..# #.#
#.#...##.....# #.#
########.z.#........# #.#
#..[[...@#>.>##...#.# #.#
#.###....#).........# #.#
#.# ##.#####.###...)# #.#
#.# #...#...##.###.###..
#.######.#......##.#....#
#...# #...###..#.###...#
##)#)# #######...........
##....######..........#.###
#))........#.###.###..#.#


You could see a wight.


Message History

You take 11 damage, and now have 28/54 hp.
MASSIVE DAMAGE!! (PAUSE)
You sock the orc wizard! You drain the orc wizard.
Your grab misses the orc wizard. You constrict the orc.
You kill the orc!
Sif Muna accepts your kill.
The orc wizard points at you and mumbles some strange words.
The magic dart hits you.
* * * LOW HITPOINT WARNING * * *
😨 HP[-4]
You take 4 damage, and now have 24/54 hp.
You barely miss the orc wizard. Your grab misses the orc wizard.
The orc wizard closely misses you.
The wall freezes the kobold!
You kill the kobold!
Sif Muna accepts your kill. The kobold misses you.
Unknown command.
You sock the orc wizard!
You kill the orc wizard!
Sif Muna accepts your kill. The kobold barely misses you.
The kobold hits you but does no damage. 😨 HP[+1] Unknown command.
You hit the kobold but do no damage. You grab the kobold.
You squeeze the kobold.
You kill the kobold!
Sif Muna accepts your kill. 😨 MP[+1] Unknown command.
The frozen ramparts melt away as you move.
Things that are here:
a +0 dagger {short}; a +0 dagger {short}; a kobold corpse 😨 HP[+1]
Things that are here:
a +0 club {mace}; an orc skeleton 😨 MP[+1]
Things that are here:
a +0 dagger {short}; a +0 robe; an orc corpse 😨 HP[+1]
Things that are here:
a +0 hand axe {axe}; a +0 chain mail You start resting. 😮 HP[+5] MP[+3]
You regained 5 hp, and now have 32/54 hp.
Your mp is fully restored (21).
You start resting.
A hound comes into view. 😕 HP[+15]
You regained 15 hp, and now have 47/54 hp.
There is a stone staircase leading up here. 😕 HP[+1]
A hound is nearby!
You climb upwards.
There is a stone staircase leading down here.
A wight is nearby!
You completely miss the wight. Your grab misses the wight.
Your squeeze misses the wight. The wight closely misses you.
The wight hits you with a +0 morningstar!
You feel drained. 😮 HP[-13]
You now have 52 max hp (-2).
You take 13 damage, and now have 35/52 hp.
MASSIVE DAMAGE!! (PAUSE)
You hit the wight but do no damage. Your grab misses the wight.
You squeeze the wight, but do no damage.
The wight hits you with a +0 morningstar!
* * * LOW HITPOINT WARNING * * *
😨 HP[-9]
You take 9 damage, and now have 26/52 hp.
Unknown command.
You hit the wight but do no damage. Your grab misses the wight.
Your squeeze misses the wight.
The wight hits you with a +0 morningstar.
* * * LOW HITPOINT WARNING * * *
You feel drained.
* * * LOW HITPOINT WARNING * * *
😨 HP[-9]
You now have 50 max hp (-2).
You take 9 damage, and now have 17/50 hp.
You closely miss the wight. Your grab misses the wight.
The wight hits you with a +0 morningstar.
* * * LOW HITPOINT WARNING * * *
The wight closely misses you. 😱 HP[-5]
You take 5 damage, and now have 12/50 hp.
Things that are here:
a +0 dagger {short}; an orc skeleton Unknown command.
The wight attacks as you move away!
The wight hits you with a +0 morningstar.
* * * LOW HITPOINT WARNING * * *
😱 HP[-5]
You take 5 damage, and now have 7/50 hp.
As you read the scroll of teleportation {@r4}, it crumbles to dust.
You feel strangely unstable. The wight barely misses you. 😱 HP[+1]
The wight attacks as you move away!
The wight hits you with a +0 morningstar!
You die...

Skill      XL: |  1  2  3  4  5  6  7  8  9 |
---------------+----------------------------+-----
Ice Magic      | 2 3 4 6 7 |  7.5
Spellcasting   | 4 5 6 7 8 |  8.4
Invocations    | 2 4 |  4.1
Fighting       | |  2.0
Staves         | |  3.0
Evocations     | |  1.1

Action                     |  1- 3 |  4- 6 |  7- 9 || total
---------------------------+-------+-------+-------++-------
  Melee: Quarterstaff      |    51 |    26 |       ||    77
         Constrict         |     8 |    12 |    14 ||    34
         Tentacles         |     5 |    10 |    15 ||    30
         Punch             |     2 |       |     1 ||     3
         Flail             |       |    21 |    61 ||    82
   Cast: Freeze            |    18 |    18 |    40 ||    76
         Frozen Ramparts   |     2 |     6 |    26 ||    34
  Evoke: Wand              |       |       |     3 ||     3
    Use: Potion            |       |       |     8 ||     8
         Scroll            |       |       |    14 ||    14
   Stab: Sleeping          |     6 |     3 |     1 ||    10
         Distracted        |       |       |     1 ||     1
 Armour: Skin              |     9 |    18 |    31 ||    58
  Dodge: Dodged            |    30 |    37 |    76 ||   143

Levels and vault maps discovered:
D:1:      elethiomel_arrival_diamonds, layout_loops_ring,
          hellmonk_ecumenical_altar_inner_sanctum
D:2:      layout_loops_ring, serial_glass, glass_columns_a, glass_columns_c,
          serial_shops, nicolae_shop_trees, uniq_robin
D:3:      layout_basic, chequers_mini_garden
D:4:      layout_basic, gammafunk_ghost_cemetery, uniq_blork_the_orc
D:5:      layout_gridville, chequers_avenue
D:6:      layout_loops_ring, nicolae_overflow_crystal_walls, serial_shops, shop,
          water_maze_lemuel
D:7:      layout_rooms, temple_green, minmay_gold_behind_fungi, minmay_puff,
          uniq_joseph, uniq_maggie

Notes
Turn   | Place    | Note
-------+----------+-------------------------------------------
     0 | D:1      | MackTheKnife the Octopode Wanderer began the quest for the
                  | Orb.
     0 | D:1      | MackTheKnife set off with the following items: a +3
                  | quarterstaff {staff}, a potion of berserk rage {!q}; and
                  | the following spell memorised: Freeze; and the following
                  | spells available to memorise: Frozen Ramparts.
     0 | D:1      | Reached XP level 1. HP: 14/14 MP: 4/4
     0 | D:1      | magus.rc [v1.9.6]
   129 | D:1      | Reached XP level 2. HP: 19/19 MP: 6/6
   390 | D:1      | Found a faded altar of an unknown god.
   393 | D:1      | Prayed at the altar of an unknown god.
   393 | D:1      | Became a worshipper of Sif Muna the Loreminder
   393 | D:1      | Reached * piety under Sif Muna
   483 | D:1      | Reached skill level 2 in Ice Magic
   831 | D:2      | Noticed Robin
   836 | D:1      | Reached XP level 3. HP: 23/24 MP: 6/8
  1154 | D:2      | Reached ** piety under Sif Muna
  1159 | D:2      | Learned a level 3 spell: Frozen Ramparts
  1245 | D:2      | HP: 6/24 [Robin/+0 trident (9)]
  1246 | D:2      | Killed Robin
  1247 | D:2      | Reached XP level 4. HP: 7/29 MP: 1/9
  1392 | D:2      | Found Omyup's Weapon Boutique.
  1515 | D:2      | Reached skill level 4 in Spellcasting
  1834 | D:2      | Reached skill level 3 in Ice Magic
  2030 | D:3      | Reached XP level 5. HP: 26/34 MP: 6/11
  2450 | D:3      | Reached *** piety under Sif Muna
  2528 | D:4      | Noticed Blork the orc
  2564 | D:4      | Found a runed translucent gate.
  2679 | D:4      | Found a runed translucent gate.
  2680 | D:4      | Found a runed translucent gate.
  2681 | D:4      | Noticed sanka's ghost (amateur DgAE)
  2682 | D:4      | Noticed qborf's ghost (amateur AtMo)
  2682 | D:4      | Noticed funkygono's ghost (novice GrFE)
  2735 | D:4      | Reached skill level 4 in Ice Magic
  2750 | D:4      | Reached XP level 6. HP: 29/39 MP: 7/13
  3025 | D:5      | Entered Level 5 of the Dungeon
  3059 | D:5      | Noticed a water moccasin
  3065 | D:5      | Killed a water moccasin
  3066 | D:5      | Reached skill level 5 in Spellcasting
  3105 | D:5      | Reached XP level 7. HP: 35/45 MP: 5/15
  3110 | D:5      | Reached skill level 5 in Ice Magic
  3381 | D:5      | Reached skill level 6 in Spellcasting
  3615 | D:5      | HP: 10/45 [gnoll/+0 spear[a gnoll bouda] (4)]
  3618 | D:5      | HP: 3/45 [gnoll bouda/+0 whip (4)]
  3624 | D:5      | Reached skill level 6 in Ice Magic
  3624 | D:5      | HP: 16/67 [gnoll/+0 spear[a gnoll bouda] (3)]
  3902 | D:5      | Reached XP level 8. HP: 50/50 MP: 10/17
  4128 | D:6      | Found Uqeduts's Armour Shop.
  4205 | D:6      | Reached skill level 7 in Spellcasting
  4214 | D:6      | Reached **** piety under Sif Muna
  4362 | D:6      | Reached skill level 7 in Ice Magic
  4446 | D:6      | Found a glowing golden altar of the Shining One.
  4545 | D:6      | HP: 12/50 [poisoned by a kobold brigand (curare-tipped
                  | dart)]
  4937 | D:6      | Reached skill level 1 in Invocations
  5032 | D:6      | Reached skill level 2 in Invocations
  5032 | D:6      | Reached XP level 9. HP: 21/53 MP: 20/20
  5468 | D:6      | You pick up a book of Sloth and begin reading...
  5468 | D:6      | You add the spells Petrify, Metabolic Englaciation and
                  | Statue Form to your library.
  5526 | D:7      | Noticed Joseph
  5553 | D:7      | Reached skill level 8 in Spellcasting
  5645 | D:7      | HP: 12/54 [orc priest/+0 dagger (2)]
  5654 | D:6      | Reached skill level 3 in Invocations
  5874 | D:7      | Reached skill level 4 in Invocations
  5880 | D:7      | Noticed a manticore
  5885 | D:7      | Noticed Maggie
  5986 | D:6      | HP: 12/50 [wight/+0 morningstar (6)]
  5990 | D:6      | Mangled by a wight

Vanquished Creatures
  2 water moccasins (D:5)
  A black bear (D:6)
  A sky beast (D:7)
  3 ogres
  A centaur (D:7)
  A kobold brigand (D:6)
  2 necrophages
  A bullfrog (D:7)
  A scorpion (D:7)
  4 wights
  A jelly (D:6)
  5 hounds
  8 orc priests
  2 gnoll boudas
  8 orc wizards
  2 iguanas
  Robin (D:2)
  9 gnolls
  2 adders
  A shadow imp (D:6)
  An ufetubus (D:5)
  2 worms
  5 dart slugs
  12 orcs
  10 endoplasms
  A giant cockroach (D:4)
  15 goblins
  8 hobgoblins
  2 quokkas (D:3)
  10 ball pythons
  9 bats
  4 frilled lizards
  18 kobolds
  8 rats
161 creatures vanquished.

Vanquished Creatures (others)
  4 fungi (D:7)
  5 toadstools (D:7)
9 creatures vanquished.

Grand Total: 170 creatures vanquished

Table legend:
 A = Non-vault XP
 B = Vault XP
 C = Vault XP percentage of total XP
 D = Non-vault monster count
 E = Vault monster count
 F = Vault count percentage of total count
                 A         B        C        D         E       F
            +---------+---------+-------+---------+---------+-------
      Total |    3056 |      47 |   1.5 |     141 |      20 |  12.4
            +---------+---------+-------+---------+---------+-------
        D:1 |      27 |      10 |  27.0 |      19 |       8 |  29.6
        D:2 |      50 |      37 |  42.5 |      21 |      12 |  36.4
        D:3 |      73 |       0 |   0.0 |      17 |       0 |   0.0
        D:4 |     162 |       0 |   0.0 |      10 |       0 |   0.0
        D:5 |    1014 |       0 |   0.0 |      19 |       0 |   0.0
        D:6 |    1103 |       0 |   0.0 |      36 |       0 |   0.0
        D:7 |     627 |       0 |   0.0 |      19 |       0 |   0.0
            +---------+---------+-------+---------+---------+-------

Illustrated notes

Table legend:
 A = Kills in this place as a percentage of kills in entire the game.
 B = Kills by you in this place as a percentage of kills by you in the entire game.
 C = Kills by friends in this place as a percentage of kills by friends in the entire game.
 D = Other kills in this place as a percentage of other kills in the entire game.
 E = Experience gained in this place as a percentage of experience gained in the entire game.
 F = Experience gained in this place divided by the number of levels of this place that you have seen.
                   A       B       C       D       E      F
               +-------+-------+-------+-------+-------+----------------------
         Total | 100.0 | 100.0 |   N/A |   N/A | 100.0 | 443.3
       Dungeon | 100.0 | 100.0 |   N/A |   N/A | 100.0 | 443.3
               +-------+-------+-------+-------+-------+----------------------

Table legend: (Time is in decaauts)
 A = Elapsed time spent in this place.
 B = Non-inter-level travel time spent in this place.
 C = Inter-level travel time spent in this place.
 D = Time resting spent in this place.
 E = Time spent auto-exploring this place.
 F = Levels seen in this place.
 G = Mean time per level.
                   A        B        C        D        E       F      G
               +--------+--------+--------+--------+--------+-----+--------+
         Total |   6018 |   5756 |    262 |   1344 |   3268 |   7 |  859.7 |
       Dungeon |   6018 |   5756 |    262 |   1344 |   3268 |   7 |  859.7 |
               +--------+--------+--------+--------+--------+-----+--------+

Top non-repeatable levels by time:
     D:6: 1460 daAuts
     D:5: 1223 daAuts
     D:2: 1077 daAuts
     D:1: 917 daAuts
     D:4: 521 daAuts
     D:3: 521 daAuts
     D:7: 295 daAuts
